 Dungeon Crawl Stone Soup version 0.29.1-13-g9f3cf754e1 (webtiles) character file.

Game seed: 431219083401600549

44 DemonSlayer the Digger (level 3, -7/24 HPs)
             Began as a Demonspawn Earth Elementalist on Jan 25, 2023.
             Mangled by a worm (8 damage)
             ... on level 2 of the Dungeon.
             The game lasted 00:01:14 (1002 turns).

DemonSlayer the Digger (DsEE)                       Turns: 1002, Time: 00:01:14

Health: -7/24      AC:  2    Str: 10    XL:     3   Next: 41%
Magic:  1/7        EV: 12    Int: 16    God:
Gold:   61         SH:  0    Dex: 13    Spells: 6/7 levels left

rFire   . . .      SeeInvis .   f - +0 short sword
rCold   . . .      Faith    .   (no shield)
rNeg    . . .      Spirit   .   a - +0 robe
rPois   .          Reflect  .   (helmet restricted)
rElec   .          Harm     .   (no cloak)
rCorr   .          Rampage  .   (no gloves)
Will    .....                   (no boots)
Stlth   ++........              (no amulet)
HPRegen 0.08/turn               (no ring)
MPRegen 0.10/turn               (no ring)

@: no status effects
A: horns 1
a: no special abilities


You were on level 2 of the Dungeon.
You visited 1 branch of the dungeon, and saw 2 of its levels.

You collected 61 gold pieces.

Inventory:

Hand Weapons
 f - a +0 short sword (weapon)
Armour
 a - a +0 robe (worn)
Scrolls
 c - 2 scrolls of immolation {unknown}
 d - a scroll of identify {unknown}
 g - a scroll of fear {unknown}
 i - a scroll of vulnerability {unknown}
Potions
 e - a potion of brilliance {unknown}
 h - a potion of cancellation {unknown}
 j - a potion of curing {unknown}
 k - a potion of invisibility {unknown}


   Skills:
 + Level 0.2 Short Blades
 + Level 1.8 Dodging
 + Level 2.0 Stealth
 + Level 2.7 Spellcasting
 + Level 0.8 Transmutations
 + Level 3.3 Earth Magic


You had 6 spell levels left.
You knew the following spells:

 Your Spells              Type           Power      Damage    Failure   Level
a - Sandblast             Erth           24%        2d8       4%          1

Your spell library contained the following spells:

 Spells                   Type           Power      Damage    Failure   Level
 Passwall                 Tmut/Erth      6%         N/A       12%         2
 Stone Arrow              Conj/Erth      14%        3d7       28%         3
 Petrify                  Tmut/Erth      8%         N/A       63%         4


Dungeon Overview and Level Annotations

Branches:
Dungeon (2/15)

Altars:


Innate Abilities, Weirdness & Mutations

You have a pair of small horns on your head.


Message History

The kobold barely misses you. The kobold closely misses you.
Your magical contamination has completely faded away.
The blast of sand hits the kobold!
You kill the kobold!
The blast of sand hits the endoplasm!
You kill the endoplasm!
The dart slug launches a dart at you. The slug dart hits you.
You are out of magic!
You are out of magic!
You are out of magic!
You are out of magic!
Found a scroll labelled PIKILE WAALAI.
You see here a +0 whip.
You hit the worm.
The worm is lightly wounded.
The dart slug bites you. The worm closely misses you.
You hit the worm.
The worm is lightly wounded.
The dart slug briefly extends its eye-stalks.
The dart slug bites you but does no damage.
The worm bites you.
You are too injured to fight recklessly!
You are too injured to fight recklessly!
You are too injured to fight recklessly!
You are too injured to fight recklessly!
You hit the dart slug.
The dart slug is lightly wounded.
The dart slug bites you.
You hit the dart slug.
The dart slug is moderately wounded.
The worm bites you!
* * * LOW HITPOINT WARNING * * *
You hit the dart slug.
The dart slug is severely wounded.
The dart slug barely misses you. The worm closely misses you.
You hit the dart slug.
You kill the dart slug!
You hit the worm but do no damage. The worm bites you!
You die...

#.. ..# #.<. ..#
#####... ..
#...#..##.#
#......#..#
#......#..#
####....#w.#
......††@†.#
###?##.##########
#...........#
#.....:.....#
#.....[.....#
#...........##
#[..........!#
##........##..
##.......#


You could see a worm.

Vanquished Creatures
  An adder (D:2)
  2 dart slugs
  A ball python (D:1)
  2 bats (D:1)
  2 endoplasms
  3 giant cockroaches (D:1)
  2 goblins (D:1)
  6 hobgoblins
  4 kobolds
  A frilled lizard (D:1)
  3 rats
27 creatures vanquished.

Notes
Turn   | Place    | Note
-------+----------+-------------------------------------------
     0 | D:1      | DemonSlayer the Demonspawn Earth Elementalist began the
                  | quest for the Orb.
     0 | D:1      | Reached XP level 1. HP: 13/13 MP: 3/3
    10 | D:1      | Noticed a bullfrog
   116 | D:1      | Reached skill level 3 in Earth Magic
   307 | D:1      | Gained mutation: You have a pair of small horns on your
                  | head. [demonic ancestry]
   307 | D:1      | Reached XP level 2. HP: 19/19 MP: 3/5
   986 | D:2      | Reached XP level 3. HP: 24/24 MP: 1/6
   999 | D:2      | HP: 1/24 [worm (7)]
  1002 | D:2      | Mangled by a worm

Illustrated notes

Levels and vault maps discovered:
D:1:      evilmike_arrival_come_back, layout_basic
D:2:      minmay_angry_zag, layout_rooms

Skill      XL: |  1  2 |
---------------+-------+-----
Earth Magic    | 3 |  3.3
Stealth        | 2 |  2.0
Short Blades   | |  0.2
Dodging        | |  1.8
Spellcasting   | |  2.7
Transmutations | |  0.8

Action                   || total
-------------------------++-------
Melee: Short sword       ||    21
       Headbutt          ||     1
 Cast: Sandblast         ||    36
  Use: Potion            ||     1
Armor: Robe              ||     3
Dodge: Dodged            ||    35
